 Dungeon Crawl Stone Soup version 0.31.0-11-ge490571c62 (webtiles) character file.

Game seed: 8650237502941915039

482 Persephone the Ruffian (level 6, -9/56 HPs)
             Began as a Minotaur Gladiator on Jan 30, 2024.
             Mangled by an ogre
             ... wielding a +0 giant spiked club
              (17 damage)
             ... on level 5 of the Dungeon.
             The game lasted 00:03:43 (2596 turns).

Persephone the Ruffian (Minotaur Gladiator)         Turns: 2596, Time: 00:03:44

Health: -9/56      AC:  9    Str: 21    XL:     6   Next: 87%
Magic:  5/5        EV:  9    Int:  5    God:
Gold:   133        SH:  0    Dex: 11    Spells: 5/5 levels left

rFire   . .          .
                       - Unarmed
rCold   . . .        (no shield)
rNeg    . . .        e - +0 chain mail
rPois   .            b - +0 hat
rElec   .            (no cloak)
rCorr   .            a - +0 pair of gloves
SInv    .            (no boots)
Will    .....        (no amulet) Stlth
                     (no ring)
HPRegen 0.29/turn    (no ring)
MPRegen 0.09/turn

%: no passive effects
@: attractive
A: horns 2, retaliatory headbutt
a: no special abilities


You were on level 5 of the Dungeon.
You visited 1 branch of the dungeon, and saw 4 of its levels.

You collected 133 gold pieces.

Inventory:

Missiles
 c - 3 throwing nets (quivered)
 d - a javelin
Armour
 a - a +0 pair of gloves (worn)
 b - a +0 hat (worn)
 e - a +0 chain mail (worn)
Wands
 m - a wand of charming (9)
Scrolls
 g - a scroll of silence {unknown}
 i - 3 scrolls of teleportation
 k - a scroll of acquirement {unknown}
 o - 2 scrolls of vulnerability
Potions
 h - a potion of lignification {unknown}
 j - a potion of brilliance {unknown}
 l - a potion of cancellation {unknown}
 n - a potion of magic {unknown}


   Skills:
 + Level 5.5 Fighting
 - Level 2.0 Throwing
 - Level 3.2 Dodging
 * Level 7.2 Unarmed Combat


You had 5 spell levels left.
You didn't know any spells.
Your spell library contained the following spells:

 Spells                   Type           Power      Damage    Failure   Level
 Ignite Poison            Fire/Alch      0%         N/A       100%        4
 Sticky Flame             Fire/Alch      0%         2d4       100%        4
 Ignition                 Fire           0%         3d3       100%        8


Dungeon Overview and Level Annotations

Branches:
Dungeon (3/15)

Altars:

Shops:
D:5 (

Annotations:
D:3 Grinder


Innate Abilities, Weirdness & Mutations

You have a pair of horns on your head.
You reflexively headbutt those who attack you in melee.


Message History

You hit the sleepcap.
You destroy the sleepcap!
Auto Killed stopped - No target in view!
No target in view!
Auto Killed stopped - No target in view!
No target in view!
Auto Killed stopped - No target in view!
No target in view!
Auto Killed stopped - No target in view!
No target in view!
Auto Killed stopped - No target in view!
No target in view!
Auto Killed stopped - No target in view!
No target in view!
Auto Killed stopped - No target in view!
No target in view!
Auto Killed stopped - No target in view!
No target in view!
You now have 133 gold pieces (gained 12).
An ogre comes into view. It is wielding a +0 giant spiked club.
The ogre hits you with a +0 giant spiked club!!
Ouch! That really hurt!
Lua - Auto Kill stopped.
Not in fighting shape.
You hit the ogre but do no damage. The ogre barely misses you.
You hit the ogre but do no damage. You punch the ogre!
The ogre is moderately wounded.
The ogre closely misses you.
You hit the ogre but do no damage.
The ogre is moderately wounded.
You hit the ogre. You headbutt the ogre.
The ogre is severely wounded.
The ogre hits you with a +0 giant spiked club!!
* * * LOW HITPOINT WARNING * * *
You hit the ogre.
The ogre is almost dead.
It was a potion of attraction.
You feel attractive to monsters.
The ogre hits you with a +0 giant spiked club!
You die...

##.#.##.##.#
##.#.##.#.##.
##.#.##.#.#.##
##.#.##.#.#.#†#
##########.#.##.#.##..#.
........#.#.##.#.##).#.#
....###..#.##.#.##..#.##
. #...##.#.##.#..##.
#@.##.#.##.#..##.#
..≈≈...O##.#.##.#..##.#.
§.≈≈..... #.#.##.#.#.#.#
≈..≈≈..#.###.#.##.#.#.##
§§..§.# .. ##.#.##.#.##.
≈§§§≈§ ##. ##)#.## ##.#
§≈.§§§ . ##.#.###.#.
§§§§§. # ##.#.#.#.#
##.#.#.##


You could see an ogre.

Vanquished Creatures
  Sigmund (D:3)
  A gnoll sergeant (D:5)
  An orc priest (D:3)
  A hound (D:5)
  A sleepcap (D:5)
  2 iguanas (D:5)
  Terence (D:3)
  4 adders
  A dart slug (D:3)
  7 orcs
  3 endoplasms
  2 giant cockroaches
  3 goblins
  7 hobgoblins
  3 quokkas
  2 ball pythons
  5 bats
  4 frilled lizards
  4 kobolds (D:2)
  9 rats
62 creatures vanquished.

Notes
Turn   | Place    | Note
-------+----------+-------------------------------------------
     0 | D:1      | Persephone the Minotaur Gladiator began the quest for the
                  | Orb.
     0 | D:1      | Reached XP level 1. HP: 18/18 MP: 0/0
   238 | D:1      | Reached XP level 2. HP: 25/25 MP: 1/1
   579 | D:1      | Reached skill level 4 in Unarmed Combat
  1058 | D:2      | Reached XP level 3. HP: 27/31 MP: 2/2
  1942 | D:3      | Reached XP level 4. HP: 31/39 MP: 3/3
  2017 | D:3      | Noticed Sigmund
  2046 | D:3      | Killed Sigmund
  2047 | D:3      | Reached skill level 6 in Unarmed Combat
  2047 | D:3      | Reached XP level 5. HP: 10/47 MP: 4/4
  2195 | D:3      | Noticed Terence
  2207 | D:3      | Killed Terence
  2262 | D:3      | Reached XP level 6. HP: 55/55 MP: 5/5
  2306 | D:3      | Noticed Grinder
  2307 | D:3      | You fall into a shaft and drop 2 floors!
  2307 | D:5      | Entered Level 5 of the Dungeon
  2307 | D:5      | Found Gahe's Weapon Emporium.
  2343 | D:5      | Reached skill level 5 in Fighting
  2518 | D:5      | Reached skill level 7 in Unarmed Combat
  2596 | D:5      | Mangled by an ogre

Illustrated notes

Levels and vault maps discovered:
D:1:      grunt_arrival_crossed_arrows, layout_basic
D:2:      cheibrodos_old_hovel, layout_basic
D:3:      layout_loops_ring, minmay_fountain_box, uniq_robin, uniq_terence,
          uniq_grinder, uniq_sigmund
D:5:      minmay_inner_zag, layout_loops_ring, kennysheep_little_box,
          mainiacjoe_overflow_alcove_4, mainiacjoe_overflow_catch_the_wave,
          minmay_temple_entry_sparse_star, serial_shops, shop, serial_aquarium,
          aquarium_bridge_long_separate [aquarium_subvault_wall,
          aquarium_subvault_bridge, aquarium_subvault_bridge,
          aquarium_subvault_bridge, aquarium_subvault_bridge,
          aquarium_subvault_bridge], aquarium_window_1,
          aquarium_window_corridor_3, aquarium_window_2, aquarium_view_2g,
          aquarium_view_2a, aquarium_balcony_3a

Skill      XL: |  1  2  3  4  5  6 |
---------------+-------------------+-----
Fighting       | 3 4 5 |  5.5
Unarmed Combat | 4 6 7 |  7.2
Throwing       | |  2.0
Dodging        | |  3.2

Action                     |  1- 3 |  4- 6 || total
---------------------------+-------+-------++-------
  Melee: Unarmed           |    77 |    86 ||   163
         Punch             |     3 |     1 ||     4
         Headbutt          |    11 |    14 ||    25
    Use: Scroll            |     3 |       ||     3
         Potion            |       |     4 ||     4
   Stab: Sleeping          |     1 |       ||     1
 Armour: Leather armour    |    22 |       ||    22
         Scale mail        |    20 |       ||    20
         Chain mail        |     2 |    66 ||    68
  Dodge: Dodged            |    38 |    29 ||    67
